 Dungeon Crawl Stone Soup version 0.27.0-1-g7a089689b8 (webtiles) character file.

Game seed: 16352828678036969731

40 Descartes the Ducker (level 3, 0/17 HPs)
             Began as a Felid Monk on Aug 1, 2021.
             Slain by a goblin (4 damage)
             ... led by Robin
             ... on level 2 of the Dungeon.
             The game lasted 00:01:42 (1660 turns).

Descartes the Ducker (Felid Monk)                   Turns: 1660, Time: 00:01:43

Health: 0/17       AC:  1    Str:  8    XL:     3   Next: 30%
Magic:  4/4        EV: 19    Int: 11    God:
Gold:   24         SH:  5    Dex: 18    Spells: 2/2 levels left
                                        Lives:  0   Deaths: 0

rFire    . . .     SeeInvis +     - Unarmed
rCold    . . .     Faith    .   (shield unavailable)
rNeg     . . .     Spirit   .   (armour unavailable)
rPois    .         Reflect  +   (helmet unavailable)
rElec    .         Harm     .   (cloak unavailable)
rCorr    .         Rampage  .   (gloves unavailable)
Will     .....                  (boots unavailable)
Stlth    +++.......             c - amulet of reflection
HPRegen  0.05/turn              (no ring)
MPRegen  0.09/turn              (no ring)

@: quick
A: very small, claws 1, fangs 3, see invisible, speed 1, shaggy fur 1, stealthy
paws, no weapons or thrown items, no armour, multi-lived
a: no special abilities


You were on level 2 of the Dungeon.
You visited 1 branch of the dungeon, and saw 2 of its levels.

You collected 24 gold pieces.

Inventory:

Jewellery
 c - an amulet of reflection (around neck)
 d - a ring of protection from cold
Scrolls
 a - a scroll of magic mapping {unknown}
 e - a scroll of identify {unknown}
 f - a scroll of immolation {unknown}
Potions
 b - a potion of mutation {unknown}


   Skills:
 - Level 3.0 Fighting
 + Level 4.7 Dodging
 + Level 3.8 Stealth
 + Level 3.5 Unarmed Combat


You had 2 spell levels left.
You didn't know any spells.
Your spell library contained the following spells:

 Spells                   Type           Power      Damage    Failure   Level
 Gell's Gravitas          Tloc           0%         N/A       71%         3
 Teleport Other           Tloc           0%         N/A       71%         3
 Dispersal                Tloc           0%         N/A       100%        6


Dungeon Overview and Level Annotations

Branches:
Dungeon (2/15)

Altars:

Shops:
D:2 ?

Annotations:
D:2 Robin


Innate Abilities, Weirdness & Mutations

You have sharp claws.
You have razor-sharp teeth.
You have supernaturally acute eyesight. (SInv)
You cover ground quickly. (Speed+)
You are covered in fur. (AC +1)
Your paws help you pounce on unaware monsters.
You are incapable of wielding weapons or throwing items.
You cannot wear armour.
You gain extra lives every three experience levels.


Message History

Robin closely misses you.
You scratch Robin.
Robin is heavily wounded.
Robin drinks a potion.
Robin is healed!
You scratch Robin.
Robin is moderately wounded.
You block Robin's attack.
You scratch Robin. You claw Robin.
Robin is heavily wounded.
Robin misses you.
You scratch Robin. Your bite misses Robin.
Robin is heavily wounded.
Robin hits you with a +0 spear.
You scratch Robin.
Robin is severely wounded.
Robin roars a battlecry!
The goblins go into a battle-frenzy!
The goblin closely misses you.
You hear a shout!
You closely miss Robin.
Robin is severely wounded.
The rat twitches its whiskers.
Robin completely misses you. The goblin hits you with a +0 dagger.
A goblin comes into view. It is wielding a +0 dagger.
Robin closely misses you.
You see here a +0 club.
Things that are here:
a +0 club; a +0 hunting sling; 9 stones Robin throws the goblin at you!
You block the goblin's attack.
Items here: ))) ††.
You miss the goblin. Robin throws the goblin at you!
The goblin hits you with a +0 dagger.
* * * LOW HITPOINT WARNING * * *
You block the goblin's attack.
You completely miss the goblin. The goblin barely misses you.
The goblin misses you.
You scratch the goblin.
You kill the goblin!
You block the goblin's attack. The goblin hits you with a +0 dagger.
You die...

#.......##...#####
#....)...........#
#.......##...###.#
###...#####.## #.#
#...# ##..# #.#
##.## #[..# #.# #.#
#...# #.#
#<####...####.#
#@#.........#.#
#gg.........†.#
#####g#.........###
...#..[.g####...####
#...∩.)## #...#
#.#.##g# #...# # #.#
##.## .. #r# #.# #.
#.# #.#


You could see Robin, 2 hobgoblins, 2 goblins and a rat.

Vanquished Creatures
  4 ball pythons
  6 endoplasms
  7 goblins
  5 hobgoblins
  2 jackals (D:1)
  4 kobolds
  A quokka (D:1)
  2 bats (D:1)
  A frilled lizard (D:2)
32 creatures vanquished.

Notes
Turn   | Place    | Note
-------+----------+-------------------------------------------
     0 | D:1      | Descartes the Felid Monk began the quest for the Orb.
     0 | D:1      | Reached XP level 1. HP: 10/10 MP: 2/2
   384 | D:1      | Reached XP level 2. HP: 14/14 MP: 3/3
  1412 | D:2      | Reached XP level 3. HP: 12/17 MP: 4/4
  1545 | D:2      | Noticed Robin
  1559 | D:2      | Found Qoav's Magic Scroll Shop.
  1660 | D:2      | Slain by a goblin

Illustrated notes

Levels and vault maps discovered:
D:1:      dpeg_arrival_arbitrary_b, layout_basic, corexii_leaking_fountain
D:2:      layout_loops_ring, dreamdust_ecumenical_altar_drowned_temple,
          serial_shops, shop, uniq_robin, uniq_sigmund

Skill      XL: |  1 |
---------------+----+-----
Stealth        | 3 |  3.8
Fighting       | |  3.0
Dodging        | |  4.7
Unarmed Combat | |  3.5

Action                   || total
-------------------------++-------
Melee: Unarmed           ||    83
       Bite              ||     7
       Punch             ||     1
 Stab: Sleeping          ||     9
       Distracted        ||     2
Armor: Skin              ||     3
Dodge: Dodged            ||    48
Block: Other             ||    12
